 Dungeon Crawl Stone Soup version 0.31.0-11-ge490571c62 (webtiles) character file.

Game seed: 18100585962061591886

221 qw the Shooter (level 5, 0/26 HPs)
             Began as a Spriggan Hunter on Feb 3, 2024.
             Incinerated by a bombardier beetle (2 damage)
             ... with a burning spray
             ... on level 4 of the Dungeon.
             The game lasted 00:00:09 (2058 turns).

qw the Shooter (Spriggan Hunter)                    Turns: 2058, Time: 00:00:09

Health: 0/26       AC:  3    Str: 10    XL:     5   Next: 65%
Magic:  6/6        EV: 20    Int: 11    God:
Gold:   141        SH:  0    Dex: 22    Spells: 4/4 levels left

rFire   + . .        a - +0 shortbow (heavy)
rCold   . . .        (shield currently unavailable)
rNeg    . . .        c - +0 robe
rPois   .            (helmet restricted)
rElec   .            g - +0 cloak "Pakkisch" {Will+ Str+3 Stlth+}
rCorr   .            (gloves unavailable)
SInv    +            (boots unavailable)
Will    +....        (no amulet)
Stlth   ++           (no ring)
HPRegen 0.24/turn    (no ring)
MPRegen 0.10/turn

%: no passive effects
@: on fire, glowing, very quick
A: very small, no large weapons, unfitting armour, see invisible, speed 3,
hooves 1, thin skeletal structure 1, fire resistance 1
a: no special abilities


You were on level 4 of the Dungeon.
You visited 1 branch of the dungeon, and saw 4 of its levels.

You collected 141 gold pieces.


Innate Abilities, Weirdness & Mutations

You are very small and have problems with some larger weapons.
You are too small for most types of armour.
You have supernaturally acute eyesight. (SInv)
You cover ground extremely quickly. (Speed+++)
You have large cloven feet.
You have a somewhat thin skeletal structure. (Dex +2, Stealth+)
Your flesh is heat resistant. (rF+)


   Skills:
 - Level 2.0 Fighting
 + Level 5.9 Ranged Weapons
 - Level 5.0 Dodging
 - Level 1.5 Stealth


You had 4 spell levels left.
You didn't know any spells.
Your spell library was empty.

Inventory:

Hand Weapons
 a - a +0 heavy shortbow (weapon)
Armour
 c - a +0 robe (worn)
 g - the +0 cloak "Pakkisch" (worn) {Will+ Str+3 Stlth+}
   (You acquired it on level 2 of the Dungeon)

   Str+3:     It affects your strength (+3).
   Will+:     It increases your willpower.
   Stlth+:    It makes you more stealthy.
Scrolls
 e - a scroll of identify
 k - a scroll of teleportation
Potions
 b - a potion of curing
 d - 3 potions of haste
 f - 3 potions of enlightenment
 h - 2 potions of mutation

Dungeon Overview and Level Annotations

Branches:
Dungeon (4/15)
 Temple: D:4-7

Altars:


Message History

The orc misses you.
2046 ||| DRINKING potion of heal wounds.
You feel much better. The liquid fire burns you!
The bombardier beetle closely misses you.
The orc hits you from afar with a +0 trident.
You shoot an arrow.
The arrow hits the bombardier beetle but does no damage.
The liquid fire burns you!
Your surroundings suddenly seem different.
You are on fire!
The liquid fire burns you!
You are on fire!
The liquid fire burns you!
A hobgoblin comes into view.
You shoot an arrow. The hobgoblin shouts!
The arrow hits the hobgoblin!
You kill the hobgoblin!
The liquid fire burns you!
You hear a shout!
A kobold comes into view. It is wielding a +0 dagger.
You shoot an arrow. The arrow hits the kobold!
You kill the kobold!
The liquid fire burns you!
You are on fire!
The liquid fire burns you!
You are on fire!
The liquid fire burns you!
You are on fire!
The liquid fire burns you!
You are on fire!
The liquid fire burns you!
You are on fire!
The liquid fire burns you!
You are on fire!
The liquid fire burns you!
You are on fire!
The liquid fire burns you!
You die...

## .. # #.
#.#. #.#.
#... #..##
#..@#
#.#........
# ..#######
)### ##


There were no monsters in sight!

Vanquished Creatures
  An orc wizard (D:4)
  An iguana (D:4)
  3 gnolls (D:2)
  6 adders
  3 ribbon worms (D:2)
  A dart slug (D:1)
  5 orcs
  8 bats
  7 endoplasms
  3 giant cockroaches
  3 goblins (D:1)
  6 hobgoblins
  9 kobolds
  2 quokkas (D:1)
  7 ball pythons
  2 frilled lizards (D:1)
  9 rats
76 creatures vanquished.

Notes
Turn   | Place    | Note
-------+----------+-------------------------------------------
     0 | D:1      | qw the Spriggan Hunter began the quest for the Orb.
     0 | D:1      | Reached XP level 1. HP: 10/10 MP: 2/2
     0 | D:1      | 0 ||| qw: Version: 0.3-a-158-g18b3111
     0 | D:1      | 0 ||| qw: Game counter: 4234
     0 | D:1      | 0 ||| qw: Melee chars always use a shield: true
     0 | D:1      | 0 ||| qw: God list: Okawaru
     0 | D:1      | 0 ||| qw: Allow faded altars: false
     0 | D:1      | 0 ||| qw: Do Orc after clearing Dungeon:15 true
     0 | D:1      | 0 ||| qw: Do second Lair branch before Depths: true
     0 | D:1      | 0 ||| qw: Lair rune preference: random
     0 | D:1      | 0 ||| qw: Goals: Normal
     0 | D:1      | 0 ||| PLANNING D:1-11
    28 | D:1      | Reached skill level 3 in Dodging
   170 | D:1      | Reached XP level 2. HP: 14/14 MP: 3/3
   488 | D:1      | Reached XP level 3. HP: 15/18 MP: 4/4
   868 | D:1      | 868 ||| READING scroll labelled MAETZU BOOXT.
   868 | D:1      | 868 ||| ENCHANTING +0 shortbow.
   869 | D:1      | 869 ||| READING scroll labelled ONOUT CEBRATS.
   870 | D:1      | 870 ||| READING 2 scrolls labelled MOHYDU CEIXZU.
   871 | D:1      | 871 ||| READING scroll labelled WACOYTR LITUIT.
   871 | D:1      | 871 ||| IDENTIFYING fuming yellow potion
   872 | D:1      | 872 ||| DRINKING 4 sedimented grey potions.
   873 | D:1      | 873 ||| DROPPING scroll of butterflies.
   874 | D:1      | 874 ||| DROPPING scroll of revelation.
  1086 | D:2      | 1086 ||| FLEEEEING.
  1088 | D:2      | 1088 ||| FLEEEEING.
  1089 | D:2      | 1089 ||| FLEEEEING.
  1113 | D:2      | Reached XP level 4. HP: 22/22 MP: 5/5
  1478 | D:2      | 1478 ||| READING 2 scrolls of identify.
  1478 | D:2      | 1478 ||| IDENTIFYING fizzy white potion
  1479 | D:2      | 1479 ||| READING scroll of identify.
  1479 | D:2      | 1479 ||| IDENTIFYING black potion
  1480 | D:2      | 1480 ||| READING scroll labelled CODWEBLUHOU.
  1485 | D:2      | 1485 ||| READING scroll labelled ANAFID SUEXOA.
  1485 | D:2      | 1485 ||| BRANDING +0 shortbow.
  1486 | D:2      | 1486 ||| READING scroll labelled RITOXKU QESOU.
  1486 | D:2      | Identified a scroll of acquirement
  1486 | D:2      | 1486 ||| ACQUIRING +0 cloak "Pakkisch" {Will+ Str+3 Stlth+}
  1486 | D:2      | Acquired the +0 cloak "Pakkisch" {Will+ Str+3 Stlth+}
  1488 | D:2      | 1488 ||| UPGRADING to +0 cloak "Pakkisch" {Will+ Str+3
                  | Stlth+}.
  1493 | D:2      | 1493 ||| READING scroll labelled NUSSANG EFUHET.
  1494 | D:2      | 1494 ||| DRINKING 2 white potions.
  1495 | D:2      | 1495 ||| DRINKING 2 lumpy purple potions.
  1495 | D:2      | Gained mutation: You have a somewhat thin skeletal
                  | structure. (Dex +2, Stealth+) [potion of mutation]
  1495 | D:2      | Gained mutation: Your flesh is heat resistant. (rF+)
                  | [potion of mutation]
  1495 | D:2      | Gained mutation: You have large cloven feet. [potion of
                  | mutation]
  1496 | D:2      | 1496 ||| DROPPING potion of ambrosia.
  1535 | D:3      | Reached XP level 5. HP: 26/26 MP: 6/6
  1825 | D:3      | Identified the +1 leather armour of the Lonely Dances
                  | {Rampage Stlth+}
  1954 | D:3      | 1954 ||| READING 2 scrolls of identify.
  1954 | D:3      | 1954 ||| IDENTIFYING scroll labelled SOUSTR CAELUUFU
  1955 | D:3      | 1955 ||| DROPPING scroll of fear.
  1979 | D:4      | 1979 ||| PLANNING SEWER
  2044 | D:4      | HP: 5/26 [orc/+0 trident (3)]
  2045 | D:4      | 2045 ||| READING 2 scrolls of teleportation.
  2046 | D:4      | 2046 ||| DRINKING potion of heal wounds.
  2054 | D:4      | HP: 6/26 [burnt (2)]
  2057 | D:4      | HP: 2/26 [burnt (2)]
  2058 | D:4      | Incinerated by a bombardier beetle

Levels and vault maps discovered:
D:1:      giann_bridges, layout_basic
D:2:      layout_rooms
D:3:      layout_rooms, minivault_23, hangedman_decor_points
D:4:      layout_loops_ring, gup_sewer_entry_spiral

Skill      XL: |  1  2  3  4 |
---------------+-------------+-----
Dodging        | 3 4 5 |  5.0
Ranged Weapons | 5 |  5.9
Fighting       | 2 |  2.0
Stealth        | |  1.5

Action                     |  1- 3 |  4- 6 || total
---------------------------+-------+-------++-------
   Fire: Shortbow          |   122 |   107 ||   229
    Use: Scroll            |     4 |     8 ||    12
         Potion            |     1 |     3 ||     4
 Armour: Robe              |    10 |    26 ||    36
  Dodge: Dodged            |    38 |    80 ||   118

Table legend:
 A = Non-vault XP
 B = Vault XP
 C = Vault XP percentage of total XP
 D = Non-vault monster count
 E = Vault monster count
 F = Vault count percentage of total count
                 A         B        C        D         E       F
            +---------+---------+-------+---------+---------+-------
      Total |     316 |       0 |   0.0 |      76 |       0 |   0.0
            +---------+---------+-------+---------+---------+-------
        D:1 |      52 |       0 |   0.0 |      31 |       0 |   0.0
        D:2 |     143 |       0 |   0.0 |      24 |       0 |   0.0
        D:3 |      34 |       0 |   0.0 |      13 |       0 |   0.0
        D:4 |      87 |       0 |   0.0 |       8 |       0 |   0.0
            +---------+---------+-------+---------+---------+-------
